 Dungeon Crawl Stone Soup version 0.21.1-1-g345015f (console) character file.

56 toffzen the Insei (level 3, -5/18 HPs)
             Began as a Vine Stalker Transmuter on May 25, 2018.
             Slain by Natasha (9 damage)
             ... on level 2 of the Dungeon.
             The game lasted 00:04:45 (1782 turns).

toffzen the Insei (Vine Stalker Transmuter)         Turns: 1782, Time: 00:04:45

Health: -5/18      AC:  2    Str: 12    XL:     3   Next: 97%
Magic:  0/7        EV: 12    Int: 14    God:
Gold:   59         SH:  0    Dex: 14    Spells: 0/6 levels left

rFire    . . .     SeeInvis .     - Unarmed
rCold    . . .     Gourm    .   (no shield)
rNeg     . . .     Faith    .   b - +0 robe
rPois    .         Spirit   +   (no helmet)
rElec    .         Reflect  .   (no cloak)
rCorr    .         Harm     .   (no gloves)
MR       .....                  (no boots)
Stlth    +.........             (no amulet)
HPRegen  0.06/turn              (no ring)
MPRegen  0.10/turn              (no ring)

@: appendage (expiring), very slightly contaminated
A: fangs 2, horns 2, magic shield, antimagic bite, no potion heal 3, rot
immunity
a: End Transformation


You were on level 2 of the Dungeon.
You were not hungry.
You had grown temporary horns.
You visited 1 branch of the dungeon, and saw 2 of its levels.

You collected 59 gold pieces.

Inventory:

Hand Weapons
 i - a +0 hunting sling
Missiles
 a - 11 arrows
 e - 62 stones (quivered)
 p - 2 throwing nets
Armour
 b - a +0 robe (worn)
Jewellery
 g - an uncursed ring of magical power {unknown}
 k - an uncursed ring of poison resistance {unknown}
Scrolls
 f - a scroll of fog {unknown}
 h - 3 scrolls of identify {unknown}
Potions
 j - 2 potions of lignification {unknown}
 m - a potion of ambrosia {unknown}
 n - a potion of haste {unknown}
 o - a potion of berserk rage {unknown}
Books
 c - a book of Changes

   Spells                             Type                      Level
   a - Beastly Appendage              Transmutation                1
   b - Sticks to Snakes               Transmutation                2
   c - Spider Form                    Transmutation/Poison         3
   d - Ice Form                       Ice/Transmutation            4
   e - Blade Hands                    Transmutation                5
Comestibles
 d - 4 rations


   Skills:
 + Level 1.9 Fighting
 - Level 1.5 Dodging
 * Level 4.2 Unarmed Combat
 - Level 2.1 Spellcasting
 - Level 2.0 Transmutations


You couldn't memorise any spells.
You knew the following spells:

 Your Spells              Type           Power        Failure   Level  Hunger
a - Beastly Appendage     Tmut           #.....       11%         1    #......
b - Sticks to Snakes      Tmut           #.......     16%         2    ###....
c - Spider Form           Tmut/Pois      #.........   43%         3    ###....


Dungeon Overview and Level Annotations

Branches:
Dungeon (2/15)

Altars:
Kikubaaqudgha

Annotations:
D:2 Natasha


Innate Abilities, Weirdness & Mutations

You have extremely sharp teeth.
When hurt, damage is shared between your health and your magic reserves.
Your bite disrupts and absorbs the magic of your enemies.
Potions cannot restore your health.
You are immune to rotting.
You have a pair of horns on your head.


Message History

The magic dart hits you!
Natasha stares at you and mumbles some strange words.
You resist with some effort.
Found a chain mail.
You hit Natasha but do no damage. Your bite misses Natasha. Natasha misses you.
You barely miss Natasha. Natasha claws you.
You miss Natasha. You bite Natasha.
Natasha's magic leaks into the air.
You drain her magic.
You feel invigorated.
Natasha is lightly wounded.
Natasha closely misses you.
You hit Natasha. Your bite misses Natasha.
Natasha is heavily wounded.
Your transformation is almost over.
Natasha claws you.
* * * LOW HITPOINT WARNING * * *
You hit Natasha.
Natasha is severely wounded.
Natasha claws you!
Ouch! That really hurt!
You die...

. ##. ... #
#.#[# ##.#. ...
#h# ####@###
#......#
#.##.#.#
#....#.#
#..###.#
#..###.# ##..
#......# ..#.
##.##### #.#.
#.#############
#.#.


You could see Natasha.

Vanquished Creatures
  An adder (D:2)
  2 oozes (D:1)
  A dart slug (D:2)
  A ball python (D:2)
  7 bats
  9 hobgoblins
  A jackal (D:1)
  3 kobolds (D:1)
  3 frilled lizards (D:2)
  7 goblins
  2 rats (D:1)
37 creatures vanquished.

Notes
Turn   | Place    | Note
-------+----------+-------------------------------------------
     0 | D:1      | toffzen the Vine Stalker Transmuter began the quest for the Orb.
     0 | D:1      | Reached XP level 1. HP: 9/9 MP: 4/4
    14 | D:1      | Reached skill level 1 in Fighting
   187 | D:1      | Reached XP level 2. HP: 10/14 MP: 6/6
   281 | D:1      | Learned a level 2 spell: Sticks to Snakes
   676 | D:1      | Reached XP level 3. HP: 16/18 MP: 5/7
   708 | D:1      | Learned a level 3 spell: Spider Form
  1183 | D:2      | Reached skill level 4 in Unarmed Combat
  1449 | D:2      | Found an ancient bone altar of Kikubaaqudgha.
  1774 | D:2      | Noticed Natasha
  1782 | D:2      | Slain by Natasha

Skill      XL: |  1  2  3 |
---------------+----------+-----
Fighting       | 1 |  1.9
Unarmed Combat | 4 |  4.2
Dodging        | |  1.5
Spellcasting   | |  2.1
Transmutations | |  2.0

Action                   || total
-------------------------++-------
Melee: Unarmed           ||   108
       Bite              ||    33
       Headbutt          ||     8
       Kick              ||     5
       Punch             ||     1
 Cast: Beastly Appendage ||    11
       Sticks to Snakes  ||     1
 Stab: Sleeping          ||     2
  Eat: Chunk             ||     3
Armor: Robe              ||    19
Dodge: Dodged            ||    54
